 Dungeon Crawl Stone Soup version 0.15-a0-1808-ge879653 (console) character file.

2502 deathcap the Grappler (level 9, 0/80 HPs)
             Began as a Troll Monk on July 1, 2014.
             Slain by an orc warrior
             ... wielding a +0 vampiric glaive
              (26 damage)
             ... on Level 8 of the Dungeon.
             The game lasted 00:14:15 (2796 turns).

deathcap the Grappler (Troll Monk)                  Turns: 2796, Time: 00:14:16

HP   0/80        AC  6     Str 24      XL: 9   Next: 28%
MP  11/11        EV  6     Int  6      God:
Gold 193         SH 15     Dex 12      Spells:  0 memorised,  8 levels left

rFire  . . .     SeeInvis .       - Unarmed
rCold  . . .     Clarity  .     a - +0 robe (curse)
rNeg   . . .     rCorr    +     x - +1 large shield
rPois  .         rRot     .     (helmet restricted)
rElec  .         Spirit   .     s - +0 cloak (curse)
SustAb .         Warding  .     (gloves unavailable)
rMut   .         Stasis   .     (boots unavailable)
Gourm  +                        y - amulet of resist corrosion
MR     .....                    (no ring)
                                w - cursed ring of loudness

@: not resistant to hostile enchantments, extremely unstealthy
A: unfitting armour, claws 3, fast metabolism 3, gourmand, regeneration 2,
saprovore 2, shaggy fur 1, tough skin 2
a: no special abilities


You were on level 8 of the Dungeon.
You were not hungry.

You visited 1 branch of the dungeon, and saw 9 of its levels.
You also visited: Sewer and Ossuary.

You collected 193 gold pieces.

Inventory:

Hand weapons
 E - a +0 scimitar
 I - the +4 spear of Ogiy {pain, Dex+2 Int+2, unknown}
   (You found it on level 8 of the Dungeon)

   In the hands of one skilled in necromantic magic, it inflicts extra damage on
   living creatures.
   It affects your intelligence (+2).
   It affects your dexterity (+2).
Missiles
 A - 2 large rocks (quivered)
Armour
 a - a cursed +0 robe (worn)
 s - a cursed +0 cloak (worn)
 x - a +1 large shield (worn)
Magical devices
 m - a wand of disintegration (4)
 o - a wand of disintegration (8)
 u - a wand of slowing (16)
 v - a wand of paralysis (8)
Comestibles
 b - a meat ration
 h - a bread ration
Scrolls
 c - a scroll of blinking
 g - 5 scrolls of teleportation
 k - a scroll of magic mapping
 l - 2 scrolls of fear
 t - a scroll of remove curse
 B - a scroll of amnesia
 F - a scroll of enchant armour
 G - a scroll of fog
Jewellery
 w - a cursed ring of loudness (left claw)
 y - an amulet of resist corrosion (around neck)
Potions
 e - 2 potions of confusion {unknown}
 f - a potion of heal wounds
 i - 5 potions of haste {unknown}
 j - 2 potions of brilliance
 n - 2 potions of magic
 p - 6 potions of curing
 q - a potion of cure mutation
 r - a potion of might
 z - 2 potions of paralysis {unknown}
 C - a potion of agility {unknown}
 H - a potion of porridge
Magical staves
 d - a cursed staff of wizardry {unknown}
 D - an uncursed staff of wizardry {unknown}


   Skills:
 - Level 2.4 Fighting
 - Level 5.1 Throwing
 - Level 2.4 Dodging
 - Level 1.1 Stealth
 * Level 2.7 Shields
 + Level 9.5 Unarmed Combat
 - Level 5.0 Evocations


You had 8 spell levels left.
You didn't know any spells.

Dungeon Overview and Level Annotations

Branches:
Dungeon (9/15)               Lair (0/8) D:8
 Temple: D:4-7          Orc: D:9-12

Altars:
Okawaru
Trog
The Shining One


Innate Abilities, Weirdness & Mutations

You are too large for most types of armour.
You have claws for hands.
Your metabolism is lightning-fast.
You like to eat raw meat.
You heal very quickly.
You can eat rotten meat.
You are covered in fur (AC +1).
You have very tough skin (AC +2).


Message History

The bat hits you.
A rat comes into view.
You claw the orc warrior!
The orc warrior begins to bleed from its wounds!
The orc warrior is moderately wounded.
The orc warrior hits you with a glowing glaive!!
The orc warrior draws strength from your injuries!
You claw the orc warrior!
The orc warrior is heavily wounded.
The orc wizard casts a spell.
The orc wizard seems to speed up.
You block the orc warrior's attack.
You claw the orc warrior!
The orc warrior is almost dead.
The orc warrior hits you with a vampiric glaive!!
You closely miss the orc warrior.
The orc warrior is almost dead.
You barely miss the orc warrior.
The orc warrior is almost dead.
The orc warrior hits you with a vampiric glaive!!
You die...

( ###### ... ####....####
###.############........%.###
...(..........%.%.PP....%.%%.
(......######..%%.P.P.....###
.......o######..P.....P.....#
........'...#@.PP.PP..PP....#
........#.WooPPPP.####PP....#
......<#...ob.P..#)>#......#
.......#...#rP...').#P.P...#
.......#.###..P..####....P##
#######.# #...P.......P..#
#.# ##.P.P........# #.#
#....P.P.P...# #.#
##...PP.PP..#


You could see a phantom, an orc warrior (bleeding), an orc wizard, an orc, a bat
and a rat.

Vanquished Creatures
  A wyvern (D:8)
  2 yaks (D:8)
  A deep elf fighter (D:8)
  The ghost of Wake the Spear-Bearer, an average MfGl of Okawaru (D:4)
  Edmund (D:6)
  An ice beast (D:5)
  An ogre (D:5)
  2 crocodiles (D:8)
  3 giant frogs
  8 scorpions
  A troll skeleton (D:8)
  A big fish (D:3)
  A centaur zombie (Ossuary)
  2 orc priests
  2 human zombies (Ossuary)
  2 worker ants
  2 giant frog skeletons
  An iguana (D:9)
  An orc wizard (D:5)
  2 big kobold zombies (Ossuary)
  3 mummies (Ossuary)
  4 green rats
  7 adders
  6 gnolls
  2 shadow imps
  2 scorpion zombies
  An adder skeleton (D:8)
  2 giant geckos (D:3)
  3 oozes (Sewer)
  12 orcs
  11 ball pythons (Sewer)
  18 bats
  2 gnoll zombies (Ossuary)
  2 goblins
  7 hobgoblins
  4 quokkas
  7 giant newts
  2 goblin zombies (D:8)
  3 hobgoblin zombies (Ossuary)
  A jackal skeleton (D:5)
  3 kobolds
  3 kobold zombies (Ossuary)
  35 rats
176 creatures vanquished.

Notes
Turn   | Place    | Note
--------------------------------------------------------------
     0 | D:1      | deathcap, the Troll Monk, began the quest for the Orb.
     0 | D:1      | Reached XP level 1. HP: 22/22 MP: 1/1
   148 | D:3      | Reached XP level 2. HP: 29/29 MP: 1/1
   216 | D:3      | Noticed an orc priest
   226 | D:3      | Killed an orc priest
   226 | D:3      | Reached skill level 5 in Unarmed Combat
   226 | D:3      | Reached XP level 3. HP: 16/36 MP: 2/2
   275 | D:3      | Found a glowing drain.
   276 | D:3      | Noticed a big fish
   282 | D:3      | Killed a big fish
   282 | D:3      | Reached XP level 4. HP: 39/44 MP: 2/2
   292 | Sewer    | Entered a sewer
   331 | Sewer    | Reached skill level 6 in Unarmed Combat
   465 | Sewer    | Reached XP level 5. HP: 47/50 MP: 2/2
   634 | Sewer    | Noticed a giant frog
   635 | Sewer    | Noticed a giant frog
   641 | Sewer    | Killed a giant frog
   641 | Sewer    | Reached skill level 7 in Unarmed Combat
   650 | Sewer    | Killed a giant frog
   650 | Sewer    | Reached XP level 6. HP: 16/59 MP: 3/3
   917 | D:4      | Noticed Wake's ghost (average MfGl)
   944 | D:4      | Killed Wake's ghost
   944 | D:4      | Reached skill level 8 in Unarmed Combat
  1020 | D:5      | Entered Level 5 of the Dungeon
  1357 | D:5      | Reached XP level 7. HP: 22/66 MP: 3/3
  1450 | D:6      | Noticed Edmund
  1461 | D:6      | Killed Edmund
  1461 | D:6      | Reached skill level 9 in Unarmed Combat
  1580 | D:5      | Reached skill level 1 in Evocations
  1767 | D:4      | Noticed a giant frog skeleton
  1772 | D:4      | Killed a giant frog skeleton
  1863 | D:7      | Reached XP level 8. HP: 62/74 MP: 7/7
  1908 | D:7      | Found an iron altar of Okawaru.
  1939 | D:7      | Found a bloodstained altar of Trog.
  1967 | D:8      | HP: 2/74 [wyvern (11)]
  1969 | D:8      | Reached skill level 1 in Throwing
  1973 | D:8      | Found a glowing golden altar of the Shining One.
  2040 | D:8      | Found a sand-covered staircase.
  2057 | Ossuary  | Entered an ossuary
  2527 | D:9      | Reached skill level 5 in Throwing
  2645 | D:8      | Reached XP level 9. HP: 74/80 MP: 10/10
  2678 | D:8      | Reached skill level 1 in Shields
  2747 | D:8      | Got an encrusted spear
  2756 | D:8      | Found a staircase to the Lair.
  2757 | D:8      | Reached skill level 5 in Evocations
  2796 | D:8      | Slain by an orc warrior

Action                   |  1- 3 |  4- 6 |  7- 9 || total
-------------------------+-------+-------+-------++-------
Melee: Unarmed           |    33 |   172 |   299 ||   504
Throw: Large rock        |       |       |    11 ||    11
Evoke: Wand              |       |     1 |     4 ||     5
  Use: Scroll            |       |     7 |    11 ||    18
       Potion            |       |       |     1 ||     1
